 Dungeon Crawl Stone Soup version 0.29-a0-243-g602b31c20e (webtiles) character file.

Game seed: 11100918486536156761

23 dolemite99 the Caller (level 3, 15/25 HPs)
             Began as a Gnoll Summoner on Mar 5, 2022.
             Was a Follower of Trog.
             Quit the game on level 1 of the Dungeon.
             The game lasted 00:03:30 (960 turns).

dolemite99 the Caller (Gnoll Summoner)               Turns: 960, Time: 00:03:31

Health: 15/25      AC:  2    Str:  7    XL:     3   Next: 0%
Magic:  8/9        EV: 13    Int: 16    God:    Trog [*.....]
Gold:   52         SH:  0    Dex: 12    Spells: 8/11 levels left

rFire   . . .      SeeInvis .   h - +0 short sword
rCold   . . .      Faith    .   (no shield)
rNeg    . . .      Spirit   .   a - +0 robe
rPois   .          Reflect  .   (no helmet)
rElec   .          Harm     .   (no cloak)
rCorr   .          Rampage  .   (no gloves)
Will    .....                   (no boots)
Stlth   ++........              (no amulet)
HPRegen 0.08/turn               (no ring)
MPRegen 0.11/turn               (no ring)

@: no status effects
A: fangs 1, strong nose, distributed training
a: Renounce Religion, Berserk


You were on level 1 of the Dungeon.
You worshipped Trog.
Trog was aware of your devotion.
You visited 1 branch of the dungeon, and saw 1 of its levels.

You collected 52 gold pieces.

Inventory:

Hand Weapons
 c - a +0 broad axe
 d - a +0 hand axe
 e - a +0 dagger
 g - a +0 dagger
 h - a +0 short sword (weapon)
Missiles
 f - 71 stones
Armour
 a - a +0 robe (worn)
Potions
 b - 2 potions of curing {unknown}
 i - a potion of attraction {unknown}


   Skills:
 + Level 0.5 Fighting
 + Level 0.5 Short Blades
 + Level 0.5 Long Blades
 + Level 0.5 Axes
 + Level 0.5 Maces & Flails
 + Level 0.5 Polearms
 + Level 0.5 Staves
 + Level 0.5 Slings
 + Level 0.5 Bows
 + Level 0.5 Crossbows
 + Level 0.5 Throwing
 + Level 0.5 Armour
 + Level 4.5 Dodging
 + Level 4.1 Stealth
 + Level 0.5 Shields
 + Level 0.5 Unarmed Combat
 + Level 4.9 Spellcasting
 + Level 0.4 Conjurations
 + Level 0.4 Hexes
 + Level 7.0 Summonings
 + Level 0.4 Necromancy
 + Level 0.4 Translocations
 + Level 0.4 Transmutations
 + Level 0.4 Fire Magic
 + Level 0.4 Ice Magic
 + Level 0.4 Air Magic
 + Level 0.4 Earth Magic
 + Level 0.4 Poison Magic
 + Level 0.7 Invocations
 + Level 0.5 Evocations


You had 8 spell levels left.
You knew the following spells:

 Your Spells              Type           Power      Damage    Failure   Level
a - Summon Small Mammal   Summ           100%       N/A       1%          1
b - Call Imp              Summ           26%        N/A       1%          2

Your spell library contained the following spells:

 Spells                   Type           Power      Damage    Failure   Level
 Call Canine Familiar     Summ           26%        N/A       2%          3
 Summon Guardian Golem    Hex/Summ       15%        N/A       10%         3
 Summon Lightning Spire   Summ/Air       15%        N/A       32%         4


Dungeon Overview and Level Annotations

Branches:
Dungeon (1/15)

Altars:
Trog


Innate Abilities, Weirdness & Mutations

You have very sharp teeth.
Your uncanny sense of smell can sniff out nearby items.
Your experience applies equally to all skills.


Message History

The quokka barely misses you.
Your crimson imp hits the quokka but does no damage.
Your quokka bites the quokka.
You hit the quokka.
You kill the quokka!
You swap places.
A bat comes into view.
Your crimson imp blinks!
You barely miss the bat. You bite the bat.
The bat is severely wounded.
The bat hits you.
Casting: Summon Small Mammal (safe; 1% risk of failure)
Confirm with . or Enter, or press ? or * to list all spells.
The bat hits you.
Your quokka closely misses the bat.
Your crimson imp blinks!
The bat closely misses your quokka. The bat closely misses you.
Your quokka closely misses the bat.
The bat hits your quokka but does no damage.
Your quokka bites the bat.
The bat dies!
You have reached level 3!
Your experience leads to an increase in your attributes!
Increase (S)trength, (I)ntelligence, or (D)exterity?
You feel clever. x2
You swap places.
You hit the plant.
The plant begins to die.
The plant is lightly damaged.
Your quokka bites the plant. x2
Your quokka bites the plant. x2
Your quokka bites the plant.
Your crimson imp hits the plant.
Your quokka bites the plant. x2
A nearby plant withers and dies.
There is a faded altar of an unknown god here.
You cannot tell which god this altar belongs to.
Convert to them anyway?
Trog accepts your prayer! Trog welcomes you!
You can now go berserk at will.
Something bites the plant.
The plant begins to die.
Your quokka bites the plant.
The plant begins to die.
Are you sure you want to abandon this character and quit the game? (Confirm with "yes".)

.##.........#
........###.#########
........#...........#
........#....P......#
........#P..P..###..#
........#P.≈⌠⌠r..# .#
...........P⌠....#
..........P.⌠Pr###
.........P.P≈.P5@#
..........P...≈###
...........####.P
.........##.P ..P
..............


P.P .............# ## ###.##....... #.######### #....# You could see a friendly
crimson imp (summoned) and a friendly quokka (summoned).

Vanquished Creatures
  A bat (D:1)
  A quokka (D:1)
  A kobold (D:1)
3 creatures vanquished.

Vanquished Creatures (collateral kills)
  A dart slug (D:1)
  3 ball pythons (D:1)
  An endoplasm (D:1)
  3 giant cockroaches (D:1)
  A goblin (D:1)
  A hobgoblin (D:1)
  2 quokkas (D:1)
  2 bats (D:1)
  A frilled lizard (D:1)
  A rat (D:1)
16 creatures vanquished.

Vanquished Creatures (others)
  A plant (D:1)
1 creature vanquished.

Grand Total: 20 creatures vanquished

Notes
Turn   | Place    | Note
-------+----------+-------------------------------------------
     0 | D:1      | dolemite99 the Gnoll Summoner began the quest for the Orb.
     0 | D:1      | Reached XP level 1. HP: 13/13 MP: 6/6
    91 | D:1      | Reached XP level 2. HP: 11/19 MP: 5/7
   338 | D:1      | Learned a level 2 spell: Call Imp
   932 | D:1      | Found a faded altar of an unknown god.
   951 | D:1      | Reached XP level 3. HP: 14/25 MP: 7/9
   959 | D:1      | Prayed at the altar of an unknown god.
   959 | D:1      | Became a worshipper of Trog the Wrathful
   959 | D:1      | Reached * piety under Trog
   960 | D:1      | Quit the game

Illustrated notes

Levels and vault maps discovered:
D:1:      dpeg_arrival_tiny_g, layout_rooms,
          shapermc_ecumenical_altar_mp_ritualfount

Action                   || total
-------------------------++-------
Melee: Unarmed           ||     5
       Short sword       ||    11
       Bite              ||     1
 Cast: Summon Small Mamm ||    24
       Call Imp          ||     5
Armor: Robe              ||    17
Dodge: Dodged            ||    32

Table legend: (Time is in decaauts)
 A = Elapsed time spent in this place.
 B = Non-inter-level travel time spent in this place.
 C = Inter-level travel time spent in this place.
 D = Time resting spent in this place.
 E = Time spent auto-exploring this place.
 F = Levels seen in this place.
 G = Mean time per level.
                   A        B        C        D        E       F      G
               +--------+--------+--------+--------+--------+-----+--------+
         Total |    959 |    959 |      0 |    129 |    534 |   1 |  959.0 |
       Dungeon |    959 |    959 |      0 |    129 |    534 |   1 |  959.0 |
               +--------+--------+--------+--------+--------+-----+--------+

Top non-repeatable levels by time:
     D:1: 959 daAuts
